 Dungeon Sprint DCSS version 0.31-a0-18-gea43df2a32 (webtiles) character file.

Game seed: 12337661660831006387

2676 sircluck the Grappler (level 9, -6/102 HPs)
             Began as a Troll Berserker on May 10, 2023.
             Was an Elder of Trog.
             Engulfed by a cloud of steam (18 damage)
             ... in the Dungeon (Sprint II: "The Violet Keep of Menkaure").
             The game lasted 00:03:04 (500 turns).

sircluck the Grappler (Troll Berserker)              Turns: 500, Time: 00:03:05

Health: -6/102     AC:  4    Str: 31    XL:     9   Next: 37%
Magic:  8/8        EV: 12    Int:  3    God:    Trog [****..]
Gold:   103        SH:  0    Dex:  9    Spells: 8/8 levels left

rFire   . .          .
                       - Unarmed
rCold   . . .        (no shield)
rNeg    . . .        a - +0 animal skin
rPois   .            (helmet restricted)
rElec   .            (no cloak)
rCorr   .            (gloves unavailable)
SInv    .            (boots unavailable)
Will    .....        (no amulet)
Stlth   +            (no ring)
HPRegen 1.17/turn    (no ring)
MPRegen 0.11/turn

%: no teleportation
@: lethally poisoned (-6 -> -12), on berserk cooldown, slowed, very slow
A: large, unfitting armour, claws 3, regeneration 1, shaggy fur 1, tough skin 1
a: Renounce Religion, Berserk, Trog's Hand, Brothers in Arms


You were in the Dungeon.
You worshipped Trog.
Trog was greatly pleased with you.
You visited 1 branch You collected 972 gold pieces.
You spent 869 gold pieces at shops.

Inventory:

Missiles
 j - 5 stones (quivered)
Armour
 a - a +0 animal skin (worn)
Jewellery
 h - a ring of flight
Scrolls
 i - a scroll of acquirement
Potions
 b - a potion of curing
 c - a potion of heal wounds
 d - a potion of haste
 e - 2 potions of magic
 f - a potion of berserk rage


   Skills:
 + Level 10.5 Fighting
 + Level 10.2 Dodging
 + Level 14.2 Unarmed Combat


You had 8 spell levels left.
You didn't know any spells.
Your spell library was empty.

Dungeon Overview and Level Annotations

Branches:
Dungeon (1/1)

Altars:
Cheibriados
Dithmenos
Elyvilon
Fedhas
Hepliaklqana
Kikubaaqudgha
Makhleb
Qazlal
Ru
Sif Muna
Trog
Uskayaw
Wu Jian
Xom
Yredelemnul
Zin
The Shining One
Jiyva
Lugonu

Shops:
D !!:[?=([[=*:!=*

Annotations:
D exclusions: oklob plant and orange crystal statue


Innate Abilities, Weirdness & Mutations

You are too large for most types of armour.
You have claws for hands.
Your natural rate of healing is unusually fast.
You are covered in fur. (AC +1)
You have tough skin. (AC +1)


Message History

The bolt closely misses you.
Your Unarmed Combat skill increases to level 14!
You claw the hornet! Your claw misses the hornet.
The hornet is moderately wounded.
You miss the hornet.
The hornet is moderately wounded.
The hornet barely misses you. The polar bear barely misses you.
The polar bear claws you. The polar bear completely misses you.
You scratch the hornet but do no damage.
You claw the hornet!
The hornet is severely wounded.
The hornet stings you!
You suddenly lose the ability to move!
The polar bear bites you! The polar bear claws you. x2
The hornet barely misses you.
You are no longer berserk.
You feel yourself slow down. The hornet stings you!
You feel as though you will be slow longer.
The polar bear completely misses you.
The polar bear claws you but does no damage.
The polar bear claws you. The hornet stings you!
You are poisoned.
You feel as though you will be slow longer.
You feel sick. The polar bear bites you.
* * * LOW HITPOINT WARNING * * *
The polar bear claws you.
* * * LOW HITPOINT WARNING * * *
The polar bear claws you.
* * * LOW HITPOINT WARNING * * *
The hornet stings you!
* * * LOW HITPOINT WARNING * * *
You are more poisoned.
You feel as though you will be slow longer.
You can move again.
Blink to where?
Press: ? - help, Q - select action, (/) - cycle Dir - move target Really blink into that cloud of steam?
Really blink into a travel-excluded area?
As you read the scroll of blinking, it crumbles to dust.
You are engulfed in a cloud of scalding steam.
You die...

~~~.##'##..# #.
~~~##...##.#### +.###
~~~#..#..#....# ...####
~####.).####..## #..##$#
##.###'###.##..# +.^#.c#
#...##.##...#..# #..#hy#
+##.†.<.'###+..####..##§#
#...##.##...#....###...##▓▓▓
##.###†###.##...@§.~~~~~~~~~~~
~####.#.####§~...§.~#'########
~~~#.###.#~~~~§~§..~#.._._._.#
†#~##.#.##~~~§§~~~.~#._._._..#
.#~~##+##~§§≈≈≈~~§~~#_._._._.#
###~~~~~~~~~~≈§≈§~~÷#._._._._#
#+++#+++#§≈≈§§≈≈≈~#.._._._.#
≈≈S≈≈ ##§≈§###§§#..._._.
≈§≈≈§≈§≈≈##§≈# #≈≈#...._.


There were no monsters in sight!

Vanquished Creatures
  2 boulder beetles (D)
  A merfolk siren (D)
  2 polar bears (D)
  2 wyverns (D)
  A vampire mosquito (D)
  A water moccasin (D)
  4 necrophages (D)
13 creatures vanquished.

Vanquished Creatures (others)
  Menkaure (D)
  A water moccasin (D)
2 creatures vanquished.

Grand Total: 15 creatures vanquished

Notes
Turn   | Place    | Note
-------+----------+-------------------------------------------
     0 | D        | sircluck the Troll Berserker began the quest for the Orb.
     0 | D        | Reached XP level 1. HP: 22/22 MP: 0/0
     1 | D        | Noticed a merfolk siren
    12 | D        | Killed a merfolk siren
    13 | D        | Reached skill level 8 in Unarmed Combat
    13 | D        | Reached XP level 2. HP: 37/37 MP: 1/1
    13 | D        | Reached XP level 3. HP: 45/45 MP: 2/2
    13 | D        | Reached XP level 4. HP: 53/53 MP: 3/3
    13 | D        | Reached XP level 5. HP: 61/61 MP: 4/4
    13 | D        | Reached XP level 6. HP: 68/68 MP: 5/5
    47 | D        | Noticed a boulder beetle
    47 | D        | Noticed a boulder beetle
    51 | D        | Noticed a wyvern
    51 | D        | Noticed a wyvern
    63 | D        | Killed a wyvern
    63 | D        | Reached ** piety under Trog
    64 | D        | Reached skill level 9 in Unarmed Combat
    67 | D        | Killed a wyvern
    68 | D        | Reached XP level 7. HP: 31/79 MP: 6/6
   114 | D        | Reached skill level 10 in Unarmed Combat
   121 | D        | Reached *** piety under Trog
   141 | D        | Killed a boulder beetle
   142 | D        | Reached skill level 12 in Unarmed Combat
   142 | D        | Reached XP level 8. HP: 84/92 MP: 7/7
   146 | D        | Killed a boulder beetle
   147 | D        | Reached skill level 10 in Fighting
   147 | D        | Reached skill level 13 in Unarmed Combat
   147 | D        | Reached XP level 9. HP: 52/101 MP: 8/8
   217 | D        | Noticed an orange crystal statue
   236 | D        | Reached **** piety under Trog
   237 | D        | Found Puorotucs's Jewellery Shoppe.
   237 | D        | Found Jiupt's General Store.
   238 | D        | Found Kejuos's Book Emporium.
   238 | D        | Found Tusud's Distillery.
   239 | D        | Found Rawkueg's Jewellery Shoppe.
   239 | D        | Found Banuiluo's Assorted Antiques.
   243 | D        | Found Ugutz's Antique Armour Emporium.
   243 | D        | Found Goghih's Antique Armour Shoppe.
   245 | D        | Found Cykkiaf's Jewellery Emporium.
   245 | D        | Found Iddagg's Antique Weapon Shoppe.
   251 | D        | Found Bizu's Magic Scroll Shoppe.
   251 | D        | Found Laut's Armour Emporium.
   251 | D        | Noticed an oklob plant
   413 | D        | Found Mithiejonowk's Distillery.
   413 | D        | Found Vumamecs's Distillery.
   413 | D        | Found Uttes's Book Shoppe.
   414 | D        | Noticed a polar bear
   414 | D        | Noticed a polar bear
   416 | D        | Bought a ring of flight for 245 gold pieces
   426 | D        | Bought a scroll of acquirement for 624 gold pieces
   463 | D        | Noticed Menkaure
   467 | D        | Killed Menkaure
   473 | D        | Found a hazy altar of Hepliaklqana.
   473 | D        | Found a snail-covered altar of Cheibriados.
   474 | D        | Found a stormy altar of Qazlal.
   474 | D        | Found a viscous altar of Jiyva.
   474 | D        | Found a shadowy altar of Dithmenos.
   475 | D        | Found a sacrificial altar of Ru.
   475 | D        | Found an ancient bone altar of Kikubaaqudgha.
   475 | D        | Found a white marble altar of Elyvilon.
   476 | D        | Found an ornate altar of the Wu Jian Council.
   476 | D        | Found a shimmering blue altar of Sif Muna.
   476 | D        | Found a corrupted altar of Lugonu.
   476 | D        | Found a blossoming altar of Fedhas.
   477 | D        | Found a shimmering altar of Xom.
   477 | D        | Found a bloodstained altar of Trog.
   477 | D        | Found a burning altar of Makhleb.
   479 | D        | Found a glowing golden altar of the Shining One.
   479 | D        | Found a basalt altar of Yredelemnul.
   479 | D        | Found a hide-covered altar of Uskayaw.
   481 | D        | Found a glowing silver altar of Zin.
   482 | D        | Noticed a yaktaur
   482 | D        | Noticed a polar bear
   482 | D        | Noticed a polar bear
   482 | D        | Noticed a polar bear
   486 | D        | Killed a polar bear
   487 | D        | Reached skill level 10 in Dodging
   493 | D        | Killed a polar bear
   494 | D        | Reached skill level 14 in Unarmed Combat
   496 | D        | Paralysed by a hornet for 3 turns
   500 | D        | Engulfed by a cloud of steam

Illustrated notes

Levels and vault maps discovered:
D:        the_violet_keep_of_menkaure [sprint2_stairs_cluster_1,
          sprint2_shoproom, sprint2_temple, sprint2_basic_supplies,
          sprint2_obstacle_7, sprint2_obstacle_6, sprint2_obstacle_4,
          sprint2_obstacle_3, sprint2_obstacle_2, sprint2_timed_cluster_1,
          sprint2_smallroom_cluster_1, sprint2_smallroom_final_cluster_1,
          sprint2_transparent_cluster_1, sprint2_second_timed_cluster_1,
          sprint2_sniper_area_1, sprint2_heavy_combat_area_1,
          sprint2_mutation_trap_area_1, sprint2_forest_area_1,
          sprint2_light_combat_area_1, sprint2_behind_water_1,
          sprint2_near_end_vault_1]

Skill      XL: |  1  2  3  4  5  6  7  8  9 |
---------------+----------------------------+-----
Fighting       | 6 7 9 10 | 10.5
Dodging        | 6 7 9 10 | 10.2
Unarmed Combat | 8 9 12 13 14 | 14.2

Action                     |  1- 3 |  4- 6 |  7- 9 || total
---------------------------+-------+-------+-------++-------
  Melee: Unarmed           |     7 |    14 |    56 ||    77
         Punch             |       |       |     2 ||     2
 Invoke: Berserk           |     1 |     1 |     2 ||     4
    Use: Scroll            |       |       |     1 ||     1
 Armour: Animal skin       |       |     1 |    14 ||    15
  Dodge: Dodged            |     5 |     3 |    29 ||    37

Table legend: (Time is in decaauts)
 A = Elapsed time spent in this place.
 B = Non-inter-level travel time spent in this place.
 C = Inter-level travel time spent in this place.
 D = Time resting spent in this place.
 E = Time spent auto-exploring this place.
 F = Levels seen in this place.
 G = Mean time per level.
                   A        B        C        D        E       F      G
               +--------+--------+--------+--------+--------+-----+--------+
         Total |    499 |    460 |     39 |    204 |     27 |   1 |  499.0 |
       Dungeon |    499 |    460 |     39 |    204 |     27 |   1 |  499.0 |
               +--------+--------+--------+--------+--------+-----+--------+

Top non-repeatable levels by time:
       D: 499 daAuts
